[Event "Titled Tuesday Blitz October 31 Early 2023"]
[White "Gyulamiryan-koryun"]
[Black "Josgar05"]
[WhiteElo "1907"]
[BlackElo "2339"]
[Result "0-1"]
[Round "6"]
[TimeControl "180+1"]
[Date "2023.10.31"]
[WhiteClock "0:00:00"]
[BlackClock "0:01:21"]
[Board "172"]

1. e4 e6 2. d4 d5 3. Nd2 dxe4 4. Nxe4 Nd7 5. c3 Ngf6 6. Bd3 Be7 7. Ne2 O-O 8. O-O b6 9. f4 Bb7 10. N2g3 c5 11. Be3 Rc8 12. Rc1 cxd4 13. Bxd4 Nc5 14. Nxf6+ Bxf6 15. Bxf6 Qxf6 16. Qc2 Nxd3 17. Qxd3 Rfd8 18. Qe3 g6 19. Rcd1 h5 20. Ne2 Qf5 21. Nd4 Qe4 22. Qxe4 Bxe4 23. Kf2 a6 24. Ke3 Bxg2 25. Rg1 Bd5 26. Nb3 b5 27. Ra1 Kf8 28. Nd4 Rc5 29. a4 bxa4 30. Rxa4 a5 31. Rga1 Rb8 32. Rxa5 Rxa5 33. Rxa5 Rxb2 34. Ne2 Rb1 35. Kf2 Rh1 36. Kg3 Rd1 37. Ra4 Rd2 38. Kf2 Bb3 39. Rd4 Rc2 40. Ke3 Kg7 41. h4 Bd5 42. Kd3 Ra2 43. c4 Bf3 44. Nc3 Bg4 45. c5 Bf5+ 0-1


[Site "https://www.chess.com"]

[Event "Titled Tuesday Blitz October 31 Early 2023"]
[White "Vargas, Mauricio"]
[Black "Pavlidou, Ekaterini"]
[WhiteFideId "4404572"]
[BlackFideId "4213262"]
[WhiteElo "1864"]
[BlackElo "2328"]
[Result "0-1"]
[Round "6"]
[TimeControl "180+1"]
[Date "2023.10.31"]
[WhiteClock "0:00:00"]
[BlackClock "0:01:38"]
[Board "173"]

1. e4 c5 2. Nf3 e6 3. d4 cxd4 4. Nxd4 Nf6 5. Nc3 Nc6 6. Be3 Bb4 7. Bd3 d5 8. exd5 Nxd5 9. Nxc6 bxc6 10. Bd2 Nxc3 11. Bxc3 Bxc3+ 12. bxc3 Qf6 13. O-O Qxc3 14. Qf3 g6 15. Rab1 O-O 16. Rb3 Qc5 17. Rfb1 e5 18. Be4 Be6 19. Rc3 Rab8 20. Re1 Qa5 21. Rf1 Rb6 22. Rxc6 Rxc6 23. Bxc6 Qxa2 0-1


[Site "https://www.chess.com"]

[Event "Titled Tuesday Blitz October 31 Early 2023"]
[White "Bocangel Chavez, Marjoire J."]
[Black "Simonovic, Miroslav"]
[WhiteFideId "3810500"]
[BlackFideId "919152"]
[WhiteElo "1859"]
[BlackElo "2299"]
[Result "1-0"]
[Round "6"]
[TimeControl "180+1"]
[Date "2023.10.31"]
[WhiteClock "0:00:24"]
[BlackClock "0:00:00"]
[Board "174"]

1. e4 c5 2. Nc3 Nc6 3. Bb5 g6 4. Bxc6 dxc6 5. f4 Bg7 6. Nf3 e5 7. d3 exf4 8. Bxf4 Ne7 9. O-O O-O 10. Bg5 h6 11. Bh4 Qc7 12. Bg3 Qd7 13. Qe1 Kh7 14. Kh1 b6 15. Be5 Qe6 16. Bxg7 Kxg7 17. Qh4 f5 18. Rae1 f4 19. Ne2 g5 20. Nxg5 hxg5 21. Qxg5+ Ng6 22. Nxf4 Qg4 23. Nh5+ Kh7 24. Nf6+ Rxf6 25. Qxf6 Qe6 26. Qg5 Kg7 27. e5 Qg4 28. Qf6+ Kh7 29. e6 Bxe6 30. Rxe6 Rf8 31. Re7+ Kh6 32. Qg7+ Kh5 33. Qh7+ Kg5 34. Ree1 Rh8 35. Re5+ Nxe5 36. Qxh8 Qe2 37. Qf6+ Kh5 38. h3 Ng6 39. Rf5+ Kh6 40. Qg5+ Kg7 41. Rf6 Qe1+ 42. Kh2 1-0


[Site "https://www.chess.com"]

[Event "Titled Tuesday Blitz October 31 Early 2023"]
[White "Mohammadian,Mohammad"]
[Black "Cardozo Munar, Carlos Eduardo"]
[WhiteFideId "12566055"]
[BlackFideId "4409477"]
[WhiteElo "1846"]
[BlackElo "2252"]
[Result "0-1"]
[Round "6"]
[TimeControl "180+1"]
[Date "2023.10.31"]
[WhiteClock "0:00:39"]
[BlackClock "0:00:10"]
[Board "175"]

1. e4 e6 2. d4 d5 3. Nd2 c5 4. Ne2 Nc6 5. exd5 Qxd5 6. c4 Qh5 7. Nb3 cxd4 8. Nexd4 Qxd1+ 9. Kxd1 Nxd4 10. Nxd4 a6 11. Bd3 e5 12. Nf5 Be6 13. b3 g6 14. Ne3 O-O-O 15. Ke2 Bg7 16. Bb2 Ne7 17. Rad1 f5 18. Rd2 Nc6 19. Bb1 Rxd2+ 20. Kxd2 Rd8+ 21. Ke2 Nd4+ 22. Ke1 e4 23. Bxd4 Rxd4 24. Ke2 Bh6 25. Rd1 Rxd1 26. Kxd1 Kd7 27. Ke2 Kd6 28. Bc2 Ke5 29. g3 g5 30. Ng2 f4 31. gxf4+ gxf4 32. Ne1 f3+ 33. Kf1 Kd4 34. Bd1 Kc3 35. Nc2 Bh3+ 36. Ke1 Bd2# 0-1


[Site "https://www.chess.com"]

[Event "Titled Tuesday Blitz October 31 Early 2023"]
[White "Pranav, V"]
[Black "Terry, Renato"]
[WhiteFideId "25060783"]
[BlackFideId "3803457"]
[WhiteElo "3038"]
[BlackElo "3030"]
[Result "0-1"]
[Round "7"]
[TimeControl "180+1"]
[Date "2023.10.31"]
[WhiteClock "0:00:02"]
[BlackClock "0:00:08"]
[Board "1"]

1. e4 e6 2. d4 d5 3. Nc3 Nf6 4. e5 Nfd7 5. f4 c5 6. Nf3 Nc6 7. Be3 Be7 8. Qd2 O-O 9. g3 Rb8 10. Bg2 b5 11. O-O b4 12. Ne2 Ba6 13. Rf2 Bxe2 14. Qxe2 cxd4 15. Nxd4 Nxd4 16. Bxd4 Bc5 17. Bxc5 Nxc5 18. h4 f5 19. exf6 Qxf6 20. Raf1 Qd4 21. Kh2 g6 22. b3 Rb6 23. h5 Kg7 24. Rd1 Qf6 25. Qe3 Rc6 26. Bf3 gxh5 27. Bxh5 Ne4 28. Bf3 Nxf2 29. Qxf2 Rf7 30. Rd2 Rc3 31. Kg2 a5 32. Re2 Rfc7 33. Bg4 Qg6 34. Qd4+ Qf6 35. Qf2 R3c6 36. Bh3 Qg6 37. Qd4+ Qf6 38. Qf2 h6 39. Bg4 Qg6 40. f5 Qxg4 41. fxe6 Qxe2 0-1


[Site "https://www.chess.com"]

[Event "Titled Tuesday Blitz October 31 Early 2023"]
[White "Theodorou, Nikolas"]
[Black "Andreikin, Dmitry"]
[WhiteFideId "4262875"]
[BlackFideId "4158814"]
[WhiteElo "3016"]
[BlackElo "3104"]
[Result "1/2-1/2"]
[Round "7"]
[TimeControl "180+1"]
[Date "2023.10.31"]
[WhiteClock "0:01:13"]
[BlackClock "0:00:39"]
[Board "2"]

1. Nf3 Nf6 2. b3 g6 3. Bb2 Bg7 4. d4 O-O 5. g3 b6 6. Bg2 Bb7 7. c4 c5 8. dxc5 bxc5 9. O-O d6 10. Nc3 Nbd7 11. Qc2 a5 12. Rad1 Qb8 13. a4 Bc6 14. Ne1 Qb7 15. Nb5 h5 16. Bxc6 Qxc6 17. Ng2 Ng4 18. Bxg7 Kxg7 19. e4 Ngf6 20. f3 Ne5 21. h4 Qb7 22. Qc3 Nc6 23. g4 hxg4 24. fxg4 Ne5 25. Nxd6 exd6 26. Rxf6 Kxf6 27. Rxd6+ Kg7 28. Qxe5+ Kg8 29. Nf4 Qxb3 30. Nxg6 Qe3+ 31. Kg2 Qe2+ 32. Kg3 Qe3+ 33. Kg2 Qe2+ 34. Kg3 Qe3+ 35. Kg2 1/2-1/2


[Site "https://www.chess.com"]

[Event "Titled Tuesday Blitz October 31 Early 2023"]
[White "So, Wesley"]
[Black "Galchenko, Matvey"]
[WhiteFideId "5202213"]
[BlackFideId "24175480"]
[WhiteElo "3100"]
[BlackElo "2932"]
[Result "1-0"]
[Round "7"]
[TimeControl "180+1"]
[Date "2023.10.31"]
[WhiteClock "0:00:15"]
[BlackClock "0:00:25"]
[Board "3"]

1. b3 e5 2. Bb2 Nc6 3. e3 d5 4. Bb5 Ne7 5. Bxe5 a6 6. Bxc6+ Nxc6 7. Bg3 h5 8. h4 d4 9. Ne2 Bf5 10. Nxd4 Nxd4 11. exd4 Qxd4 12. Qe2+ Be6 13. Qe5 Qb6 14. Qxc7 Qxc7 15. Bxc7 Rc8 16. Be5 Rxc2 17. Nc3 Ba3 18. Kd1 Bf5 19. Bxg7 Rg8 20. Re1+ Kd7 21. Re5 Bh7 22. Rxh5 Bg6 23. Rd5+ Kc6 24. Rg5 Rxg7 25. Rxg6+ Rxg6 26. Kxc2 Rxg2 27. Rh1 Bf8 28. h5 Bh6 29. Nd1 Kd6 30. Kd3 Ke5 31. Ne3 Rg8 32. Rh4 Rd8+ 33. Ke2 b5 34. Ng4+ Kf4 35. Nxh6+ Kg5 36. Nxf7+ Kxh4 37. Nxd8 Kxh5 38. Nc6 Kg6 39. b4 a5 40. bxa5 b4 41. a6 b3 42. axb3 Kf5 43. a7 Ke6 44. a8=Q Kd6 45. b4 Kd5 46. b5 Kc4 47. b6 Kc5 48. Qb7 Kd5 49. d4 Ke6 50. Kd3 Kf5 51. Ne5 Kf6 52. Qd5 Kg5 53. b7 Kf4 54. b8=Q 1-0


[Site "https://www.chess.com"]

[Event "Titled Tuesday Blitz October 31 Early 2023"]
[White "Le, Quang Liem"]
[Black "Shimanov, Aleksandr"]
[WhiteFideId "12401137"]
[BlackFideId "4198603"]
[WhiteElo "3021"]
[BlackElo "2983"]
[Result "1-0"]
[Round "7"]
[TimeControl "180+1"]
[Date "2023.10.31"]
[WhiteClock "0:00:14"]
[BlackClock "0:00:01"]
[Board "4"]

1. Nf3 Nf6 2. c4 e6 3. Nc3 d5 4. e3 a6 5. b3 Bd6 6. Bb2 Nbd7 7. g3 b6 8. cxd5 exd5 9. Bg2 Bb7 10. O-O Qe7 11. Rc1 h5 12. Nh4 Qe6 13. Ne2 g6 14. Nd4 Qe7 15. Nc6 Qe6 16. f4 Bc5 17. Nd4 Qd6 18. Qc2 O-O-O 19. a3 Kb8 20. b4 Bxd4 21. Bxd4 Rhe8 22. Nf3 Rc8 23. Be5 Qe7 24. Bxc7+ Ka7 25. Qb2 Ne4 26. Be5 h4 27. Rxc8 Rxc8 28. Nxh4 g5 29. Nf5 Qe6 30. Bxe4 dxe4 31. Nd6 Rc6 32. Qd4 f5 33. a4 g4 34. a5 Ka8 35. b5 Rc5 36. axb6 Rd5 37. Qb4 Nxe5 38. fxe5 Qxe5 39. Rxf5 Qxd6 40. Rf8+ Bc8 41. bxa6 Qxb4 42. Rxc8# 1-0


[Site "https://www.chess.com"]

[Event "Titled Tuesday Blitz October 31 Early 2023"]
[White "Svane, Frederik"]
[Black "Nakamura, Hikaru"]
[WhiteFideId "12923044"]
[BlackFideId "2016192"]
[WhiteElo "2876"]
[BlackElo "3228"]
[Result "0-1"]
[Round "7"]
[TimeControl "180+1"]
[Date "2023.10.31"]
[WhiteClock "0:00:05"]
[BlackClock "0:00:25"]
[Board "5"]

1. c4 e5 2. d3 Nc6 3. Nc3 Bb4 4. Bd2 Nge7 5. g3 h5 6. Nf3 d6 7. Bg2 f6 8. a3 Bxc3 9. Bxc3 Be6 10. e4 Qd7 11. h3 O-O-O 12. b4 Rdf8 13. b5 Nd8 14. Qe2 Kb8 15. a4 Bf7 16. a5 g5 17. h4 Ne6 18. Qe3 Rhg8 19. Nd2 Qc8 20. Nb3 f5 21. exf5 Nxf5 22. Qe4 Nfd4 23. Bxd4 exd4 24. a6 Bg6 25. axb7 Qe8 26. Qc6 Nc5+ 27. Kd1 Qxc6 28. bxc6 Nxb3 29. Ra3 Rxf2 30. Rxb3 Rxg2 31. Ra3 Be8 32. Ra6 gxh4 33. gxh4 Rg1+ 34. Rxg1 Rxg1+ 35. Ke2 Rb1 36. Ra5 Bxc6 37. Rxh5 Kxb7 38. Rh8 a5 39. h5 0-1


[Site "https://www.chess.com"]

[Event "Titled Tuesday Blitz October 31 Early 2023"]
[White "Le, Tuan Minh"]
[Black "Ashraf, Artin"]
[WhiteFideId "12401153"]
[BlackFideId "22514805"]
[WhiteElo "2980"]
[BlackElo "2845"]
[Result "1-0"]
[Round "7"]
[TimeControl "180+1"]
[Date "2023.10.31"]
[WhiteClock "0:00:09"]
[BlackClock "0:00:00"]
[Board "6"]

1. d4 Nf6 2. Nf3 d5 3. Bf4 Bf5 4. c4 e6 5. Nc3 Nbd7 6. e3 c6 7. Qb3 Qc8 8. Rc1 Be7 9. h3 h6 10. Be2 O-O 11. O-O a6 12. cxd5 exd5 13. Rfd1 Re8 14. Ne5 Ra7 15. Bf3 Qd8 16. e4 Be6 17. exd5 cxd5 18. Nxd7 Qxd7 19. Na4 Qb5 20. Nc5 Qxb3 21. axb3 Bf5 22. Re1 Kf8 23. g4 Bc8 24. Bb8 Ra8 25. Bc7 Bxc5 26. dxc5 Rxe1+ 27. Rxe1 Be6 28. b4 Ke8 29. Be5 Kd7 30. Bd4 Kc6 31. Be2 Re8 32. Bd3 Bd7 33. Rxe8 Nxe8 34. f3 f6 35. Kf2 Nc7 36. Be3 Ne6 37. f4 Kc7 38. f5 Ng5 39. h4 Nf7 40. Bd4 Bb5 41. Bc2 Kc6 42. Kg3 Be2 43. Ba4+ Bb5 44. Bd1 Bd3 45. Kf4 Kb5 46. Bf3 Bc4 47. Bc3 Kc6 48. Bg2 Be2 49. Bd4 Bd1 50. Bf1 Kd7 51. b5 axb5 52. Bxb5+ Kc7 53. b4 Bb3 54. Be8 Nd8 55. b5 Bc2 56. g5 hxg5+ 57. hxg5 fxg5+ 58. Kxg5 g6 59. Bxg6 Kd7 60. Bh5 Bd3 61. b6 Nc6 62. Bb2 Be4 63. f6 d4 64. Kh6 Ke6 65. f7 Ke7 66. Kg7 1-0


[Site "https://www.chess.com"]

[Event "Titled Tuesday Blitz October 31 Early 2023"]
[White "Madaminov, Mukhiddin"]
[Black "Sjugirov, Sanan"]
[WhiteFideId "14210703"]
[BlackFideId "4189302"]
[WhiteElo "2856"]
[BlackElo "2959"]
[Result "1-0"]
[Round "7"]
[TimeControl "180+1"]
[Date "2023.10.31"]
[WhiteClock "0:00:03"]
[BlackClock "0:00:00"]
[Board "7"]

1. e4 c6 2. Nf3 d5 3. Nc3 Bg4 4. h3 Bxf3 5. Qxf3 e6 6. Be2 Bc5 7. O-O Ne7 8. exd5 cxd5 9. Na4 Bd6 10. d4 Ng6 11. c4 Nc6 12. Rd1 dxc4 13. d5 Nce5 14. Qe4 O-O 15. f4 Nd3 16. Bxd3 exd5 17. Qxd5 cxd3 18. Qxd3 Bxf4 19. Bxf4 Nxf4 20. Qxd8 Rfxd8 21. Nc5 b6 22. Nb7 Rxd1+ 23. Rxd1 Ne6 24. Rd7 Rc8 25. Nd6 Rc7 26. Rxc7 Nxc7 27. Nc8 Nb5 28. a4 Nd4 29. Nxa7 1-0


[Site "https://www.chess.com"]

[Event "Titled Tuesday Blitz October 31 Early 2023"]
[White "Daneshvar, Bardiya"]
[Black "Molina, Roberto Junio Brito"]
[WhiteFideId "12576468"]
[BlackFideId "2109450"]
[WhiteElo "2953"]
[BlackElo "2837"]
[Result "1-0"]
[Round "7"]
[TimeControl "180+1"]
[Date "2023.10.31"]
[WhiteClock "0:00:48"]
[BlackClock "0:00:00"]
[Board "8"]

1. Nf3 d5 2. g3 c6 3. Bg2 Bg4 4. O-O Nd7 5. a4 e5 6. d3 Bd6 7. c3 Ne7 8. b4 a5 9. b5 O-O 10. Ba3 Bxa3 11. Nxa3 f6 12. h3 Be6 13. d4 e4 14. Nd2 f5 15. e3 Nf6 16. c4 g5 17. bxc6 bxc6 18. Nb3 dxc4 19. Nc5 Bd5 20. Rc1 f4 21. Nxc4 Nf5 22. g4 Nh4 23. Ne5 Qe7 24. Rb1 Rfb8 25. Qd2 f3 26. Bh1 Qc7 27. Rxb8+ Qxb8 28. Rc1 Qb4 29. Qd1 Qb8 30. Rb1 Qc8 31. Rb7 Rb8 32. Qb1 Rxb7 33. Qxb7 Qxb7 34. Nxb7 Bb3 35. Nxa5 Bxa4 36. Naxc6 Bxc6 37. Nxc6 Kf7 38. Kh2 Ke6 39. Kg3 Kd6 40. Ne5 Ke6 41. Nc4 Nd5 42. Kh2 Nc3 43. Kg1 Ng6 44. Kf1 Ne7 45. Ne5 Ned5 46. Ke1 Nb4 47. Nxf3 exf3 48. Bxf3 Ncd5 49. Kd2 h6 50. Bd1 Nf6 51. f3 Nbd5 52. Bb3 Ke7 53. Kd3 Nb4+ 54. Kc3 Nbd5+ 55. Kd2 Nb4 56. e4 Nc6 57. Ke3 Na5 58. Ba2 Nd7 59. f4 gxf4+ 60. Kxf4 Nc6 61. Ke3 Nb4 62. Bb3 Kf6 63. h4 Kg6 64. e5 Nb6 65. Ke4 Nc6 66. d5 Na5 67. Bc2 Kf7 68. Kd4 Ke7 69. d6+ Kf7 70. Bb1 Nd7 71. Ba2+ Ke8 72. Bd5 Nb6 73. e6 Kd8 74. Be4 Nc8 75. Kd5 Nb6+ 76. Kc5 Nc8 77. Bd5 1-0


[Site "https://www.chess.com"]

[Event "Titled Tuesday Blitz October 31 Early 2023"]
[White "Sychev, Klementy"]
[Black "Ilamparthi A R"]
[WhiteFideId "4114060"]
[BlackFideId "45015775"]
[WhiteElo "2836"]
[BlackElo "2924"]
[Result "0-1"]
[Round "7"]
[TimeControl "180+1"]
[Date "2023.10.31"]
[WhiteClock "0:00:00"]
[BlackClock "0:00:49"]
[Board "9"]

1. e4 c5 2. Nf3 Nc6 3. d4 cxd4 4. Nxd4 e5 5. Nb5 a6 6. Nd6+ Bxd6 7. Qxd6 Qf6 8. Qd2 Qg6 9. Nc3 Nf6 10. f3 Nd4 11. b3 d5 12. Ba3 dxe4 13. O-O-O Bf5 14. g4 Be6 15. g5 e3 16. Qd3 Nd5 17. Ne4 O-O-O 18. c4 e2 19. cxd5 exd1=Q+ 20. Qxd1 Bxd5 21. Bd3 Bxe4 22. Bxe4 Qxg5+ 23. Kb1 f5 24. Bd3 Kb8 25. Rg1 Qf6 26. Qf1 g6 27. Bc1 Qc6 28. Rg3 Nb5 0-1


[Site "https://www.chess.com"]

[Event "Titled Tuesday Blitz October 31 Early 2023"]
[White "Alexandre, Anne Shopie Elizabeth"]
[Black "Mahdavi, Reza"]
[WhiteFideId "11902418"]
[BlackFideId "12595926"]
[WhiteElo "2832"]
[BlackElo "2921"]
[Result "1/2-1/2"]
[Round "7"]
[TimeControl "180+1"]
[Date "2023.10.31"]
[WhiteClock "0:00:48"]
[BlackClock "0:00:18"]
[Board "10"]

1. d4 Nf6 2. c4 e6 3. Nf3 d5 4. Nc3 Be7 5. Bf4 O-O 6. e3 Nbd7 7. a3 c5 8. cxd5 Nxd5 9. Nxd5 exd5 10. dxc5 Nxc5 11. Be5 Bf6 12. Bxf6 Qxf6 13. Qd4 Qd6 14. Rd1 Rd8 15. Be2 Bf5 16. O-O Bc2 17. Rde1 Nb3 18. Qb4 Qxb4 19. axb4 a5 20. bxa5 Rxa5 21. Bd1 Rc8 22. h3 g6 23. Bxc2 Rxc2 24. Rb1 Ra2 25. Rfd1 Raxb2 26. Rxb2 Rxb2 27. Rxd5 Nc1 28. Ng5 Ne2+ 29. Kh2 Nc3 30. Rd8+ Kg7 31. f4 h6 32. Nf3 Ne4 33. Ne5 Rd2 34. Rc8 Nd6 35. Rc7 Kf6 36. Ng4+ Ke6 37. Nxh6 b5 38. e4 Nxe4 39. Rxf7 Nd6 40. Rf8 Kd7 41. f5 gxf5 42. Nxf5 Rf2 43. Nxd6 Rxf8 44. Nxb5 Rf4 45. Nc3 Ke6 46. Ne2 Ra4 47. Kg3 Kf5 48. Kf3 Ra3+ 49. Kf2 Kg5 50. Ng3 Kf4 51. Ne2+ Ke5 52. Ng3 Rb3 53. Ne2 Rb2 54. Kf3 Rb3+ 55. Kf2 Kf5 56. Ng3+ Kf4 57. Ne2+ Ke4 58. Ng3+ Kf4 59. Ne2+ Ke4 60. Ng3+ Kf4 1/2-1/2


[Site "https://www.chess.com"]

[Event "Titled Tuesday Blitz October 31 Early 2023"]
[White "Erdogmus, Yagiz Kaan"]
[Black "Pakleza, Zbigniew"]
[WhiteFideId "44599790"]
[BlackFideId "1119290"]
[WhiteElo "2915"]
[BlackElo "2824"]
[Result "1-0"]
[Round "7"]
[TimeControl "180+1"]
[Date "2023.10.31"]
[WhiteClock "0:00:16"]
[BlackClock "0:00:00"]
[Board "11"]

1. d4 d6 2. e4 Nf6 3. Nc3 c6 4. Be3 Qb6 5. Rb1 Ng4 6. Bc1 e5 7. Be2 Nf6 8. Be3 Qc7 9. Nf3 Nbd7 10. O-O Be7 11. a4 O-O 12. h3 Re8 13. Bc4 h6 14. Nh4 Nf8 15. dxe5 dxe5 16. Nf5 Bxf5 17. exf5 a6 18. Qf3 b5 19. Bb3 N8d7 20. Qg3 Kf8 21. Rbd1 Bc5 22. Rxd7 Nxd7 23. f6 gxf6 24. Bxh6+ Ke7 25. Qg7 Rf8 26. Ne4 bxa4 27. Ba2 Rab8 28. Rd1 Rxb2 29. Rxd7+ Kxd7 30. Nxc5+ Kc8 31. Qxf8+ Qd8 32. Qxf7 Kb8 33. Nxa4 Rxa2 34. Qxa2 Qd1+ 35. Kh2 Qd4 36. Qb3+ 1-0


[Site "https://www.chess.com"]

[Event "Titled Tuesday Blitz October 31 Early 2023"]
[White "Vakhlamov, Igor L."]
[Black "Henriquez Villagra, Cristobal"]
[WhiteFideId "24126748"]
[BlackFideId "3409350"]
[WhiteElo "2816"]
[BlackElo "2903"]
[Result "1-0"]
[Round "7"]
[TimeControl "180+1"]
[Date "2023.10.31"]
[WhiteClock "0:01:35"]
[BlackClock "0:01:03"]
[Board "12"]

1. e4 d6 2. d4 Nf6 3. Nc3 e5 4. dxe5 dxe5 5. Qxd8+ Kxd8 6. Bg5 Be6 7. g3 Nd7 8. f4 h6 9. Bh4 g5 10. fxg5 hxg5 11. Bxg5 c6 12. O-O-O Kc7 13. h4 Bh6 14. Nf3 Bg4 15. Be2 Bxf3 16. Bxf3 Bxg5+ 17. hxg5 Rxh1 18. Rxh1 Ne8 19. Rh7 Nd6 20. g6 fxg6 21. Bg4 Rd8 22. Rg7 Ne8 23. Rxg6 Nef6 24. Bf5 Rh8 25. b3 Rh7 26. g4 Kd8 27. Kb2 Ke7 28. g5 Ne8 29. Re6+ 1-0


[Site "https://www.chess.com"]

[Event "Titled Tuesday Blitz October 31 Early 2023"]
[White "Kazakouski, Valery"]
[Black "mind1mover"]
[WhiteFideId "13507443"]
[WhiteElo "2884"]
[BlackElo "2769"]
[Result "0-1"]
[Round "7"]
[TimeControl "180+1"]
[Date "2023.10.31"]
[WhiteClock "0:00:06"]
[BlackClock "0:00:06"]
[Board "13"]

1. Nf3 Nc6 2. e4 d6 3. d4 Nf6 4. Nc3 g6 5. h3 a6 6. Bg5 h6 7. Be3 Bg7 8. Qd2 b5 9. a3 Bb7 10. Be2 e6 11. O-O Ne7 12. Bd3 g5 13. Qe2 O-O 14. e5 Nd7 15. exd6 cxd6 16. h4 g4 17. Nd2 f5 18. a4 b4 19. Na2 f4 20. Qxg4 fxe3 21. Qxe6+ Kh8 22. fxe3 Bd5 23. Qxd6 Rxf1+ 24. Nxf1 Nf6 25. Qxd8+ Rxd8 26. Nxb4 Be4 27. Nxa6 Bxd3 28. cxd3 Ng4 29. Re1 Nf5 30. Nc5 Re8 31. d5 Bd4 32. Ne6 Bxe3+ 33. Nxe3 Ngxe3 34. Nf4 Rd8 35. h5 Nxd5 36. Ng6+ Kg7 37. Re5 Kf6 38. g4 Nh4 39. d4 Nf3+ 40. Kf2 Nxe5 41. Nxe5 Nf4 42. Ke3 Ne6 43. Nf3 Ng5 44. Ne5 Ne6 45. Nf3 Rb8 46. d5 Nc5 47. a5 Rxb2 48. Nd4 Ra2 49. Nc6 Ra3+ 50. Kf4 Nb3 51. d6 Nxa5 52. Ne5 Ra4+ 53. Kf3 Kxe5 54. d7 Ra3+ 55. Ke2 Nc6 56. g5 hxg5 57. h6 Rh3 0-1


[Site "https://www.chess.com"]

[Event "Titled Tuesday Blitz October 31 Early 2023"]
[White "Hayrapetyan, Hovik"]
[Black "Kovalev, Vladislav"]
[WhiteFideId "13302639"]
[BlackFideId "13504398"]
[WhiteElo "2795"]
[BlackElo "2881"]
[Result "0-1"]
[Round "7"]
[TimeControl "180+1"]
[Date "2023.10.31"]
[WhiteClock "0:01:24"]
[BlackClock "0:01:22"]
[Board "14"]

1. d4 Nf6 2. c4 e6 3. Nc3 Bb4 4. Nf3 b6 5. e3 Bb7 6. Bd2 O-O 7. Bd3 Bxc3 8. Bxc3 Ne4 9. Bxe4 Bxe4 10. d5 exd5 11. Qd4 f6 12. cxd5 Re8 13. Nd2 Bg6 14. O-O-O Na6 15. d6 Nc5 16. dxc7 Qxc7 17. Nc4 d5 18. Qxd5+ Bf7 19. Qd6 Qb7 20. Na5 Qa6 21. Kb1 Rac8 22. Bd4 Qxa5 23. a3 Ne4 24. Qf4 Qd5 0-1


[Site "https://www.chess.com"]

[Event "Titled Tuesday Blitz October 31 Early 2023"]
[White "Elsa167"]
[Black "Javakhadze, Zurab"]
[BlackFideId "13603647"]
[WhiteElo "2989"]
[BlackElo "2799"]
[Result "1-0"]
[Round "7"]
[TimeControl "180+1"]
[Date "2023.10.31"]
[WhiteClock "0:00:10"]
[BlackClock "0:00:01"]
[Board "15"]

1. d4 d5 2. c4 e6 3. Nf3 Nf6 4. Nc3 Nbd7 5. cxd5 exd5 6. Qc2 c6 7. Bg5 Bd6 8. e3 O-O 9. Bd3 h6 10. Bh4 Re8 11. O-O Nf8 12. Bg3 a6 13. Rae1 Nh5 14. Bxd6 Qxd6 15. Ne5 c5 16. f4 Nf6 17. h3 cxd4 18. exd4 Ne6 19. Nxf7 Kxf7 20. Bg6+ Kf8 21. Bxe8 Nxe8 22. Qg6 Nf6 23. Re5 Bd7 24. g4 Be8 25. Qd3 Bf7 26. g5 Ne4 27. gxh6 gxh6 28. Nxd5 N6c5 29. dxc5 Qxc5+ 30. Kh2 Rd8 31. Qxe4 Bxd5 32. Qf5+ Kg7 33. Rg1+ Kh8 34. Qf6+ Kh7 35. Qg7# 1-0


[Site "https://www.chess.com"]

[Event "Titled Tuesday Blitz October 31 Early 2023"]
[White "Hambleton, Aman"]
[Black "Chigaev, Maksim"]
[WhiteFideId "2606577"]
[BlackFideId "4108116"]
[WhiteElo "2797"]
[BlackElo "2920"]
[Result "0-1"]
[Round "7"]
[TimeControl "180+1"]
[Date "2023.10.31"]
[WhiteClock "0:00:02"]
[BlackClock "0:00:13"]
[Board "16"]

1. d4 Nf6 2. Bf4 d6 3. e3 g6 4. h3 Bg7 5. Nf3 O-O 6. Be2 c5 7. c3 Qb6 8. Qb3 Be6 9. Qxb6 axb6 10. a3 Bd5 11. Nbd2 Bc6 12. O-O Nbd7 13. Rfe1 Rfd8 14. Bh2 b5 15. Bd3 e5 16. dxe5 dxe5 17. Bxe5 Nxe5 18. Nxe5 c4 19. Ndxc4 bxc4 20. Bxc4 Bd5 21. Rad1 Bxc4 22. Nxc4 Ne4 23. Nb6 Rab8 24. Kf1 Nc5 25. Ke2 f5 26. g4 Kf7 27. gxf5 gxf5 28. a4 Be5 29. a5 Bc7 30. Nc4 Ke6 31. Rg1 b5 32. axb6 Bxb6 33. Rxd8 Bxd8 34. Rg7 Kd5 35. Nd2 Rxb2 36. Rxh7 Bf6 37. Kd1 Bxc3 38. Nf1 Rxf2 39. Ng3 Rd2+ 40. Kc1 Nb3+ 41. Kb1 Rb2# 0-1


[Site "https://www.chess.com"]

[Event "Titled Tuesday Blitz October 31 Early 2023"]
[White "Taher, Yoseph Theolifus"]
[Black "Bharath Subramaniyam H"]
[WhiteFideId "7105347"]
[BlackFideId "46634827"]
[WhiteElo "2775"]
[BlackElo "2906"]
[Result "1-0"]
[Round "7"]
[TimeControl "180+1"]
[Date "2023.10.31"]
[WhiteClock "0:00:24"]
[BlackClock "0:00:14"]
[Board "17"]

1. d4 Nf6 2. Nc3 d5 3. Bf4 Bf5 4. e3 e6 5. Nf3 Bb4 6. Bd3 Ne4 7. Bxe4 Bxe4 8. O-O Bg6 9. Ne2 O-O 10. c3 Bd6 11. Ne5 Bh5 12. Bg3 f6 13. Nd3 Nd7 14. Qd2 Qe7 15. Bxd6 cxd6 16. Rae1 f5 17. f3 Nf6 18. Ng3 Be8 19. e4 dxe4 20. fxe4 fxe4 21. Nxe4 Bc6 22. Ng5 Bd7 23. Nxe6 Bxe6 24. Nf4 Ng4 25. Rxe6 Qg5 26. h3 Nh6 27. Rxd6 Nf5 28. Rd5 Qh6 29. Qf2 Ne7 30. Re5 Ng6 31. Re4 Rf6 32. Kh2 Raf8 33. g3 Nh8 34. Qf3 g5 35. Qg4 Nf7 36. Rfe1 Kh8 37. Nd3 Qg6 38. Qe2 Nd6 39. Re5 Nc4 40. Re8 h5 41. Rxf8+ Rxf8 42. Ne5 Nxe5 43. Qxe5+ Kh7 44. Kg2 Rf5 45. Qe7+ Rf7 46. Qe4 Rf5 47. g4 hxg4 48. hxg4 Rf4 49. Qxg6+ Kxg6 50. Kg3 Kf6 51. Re5 Rf1 52. Rf5+ Rxf5 53. gxf5 Kxf5 54. d5 b5 55. b3 Ke5 56. c4 bxc4 57. bxc4 1-0


[Site "https://www.chess.com"]

[Event "Titled Tuesday Blitz October 31 Early 2023"]
[White "Ivic, Velimir"]
[Black "Csonka, Balazs"]
[WhiteFideId "950122"]
[BlackFideId "742910"]
[WhiteElo "2855"]
[BlackElo "2730"]
[Result "0-1"]
[Round "7"]
[TimeControl "180+1"]
[Date "2023.10.31"]
[WhiteClock "0:00:12"]
[BlackClock "0:00:05"]
[Board "18"]

1. e4 c6 2. Nc3 d5 3. Nf3 Bg4 4. d4 e6 5. Be2 Nf6 6. e5 Nfd7 7. O-O c5 8. Bg5 Qb6 9. Na4 Qc6 10. c3 Bxf3 11. Bxf3 b5 12. Nxc5 Nxc5 13. dxc5 Bxc5 14. a4 Nd7 15. Re1 O-O 16. axb5 Qxb5 17. b4 Bb6 18. Qb3 Rac8 19. Bd2 Rc4 20. Be2 Nxe5 21. Bxc4 Nxc4 22. Qd1 Rc8 23. Ra2 Qc6 24. Bc1 a5 25. Qa4 Qc7 26. h3 axb4 27. cxb4 h5 28. b5 e5 29. Qb3 e4 30. Rd1 Qe5 31. Re2 f5 32. Kh1 h4 33. f4 Qe6 34. g3 Kf7 35. gxh4 d4 36. Qg3 d3 37. Rg2 g6 38. h5 e3 39. hxg6+ Kg7 40. Re1 d2 41. Bxd2 Nxd2 42. Qh4 Rh8 43. Qg3 Ne4 44. Qf3 Qd5 45. Kh2 Qd6 46. Rd1 Nd2 47. Qe2 Qxf4+ 48. Kg1 Qe4 49. Rc1 Nf3+ 50. Kf1 Nd4 51. Qc4 e2+ 52. Rxe2 Qh1+ 53. Kf2 Nxe2+ 54. Kxe2 Re8+ 55. Kd3 Qf3+ 56. Kc2 Qe4+ 57. Kb3 Qxc4+ 58. Rxc4 Re6 59. Rc6 Rxc6 60. bxc6 Kxg6 61. Kc4 Bc7 62. Kd4 Kg5 63. Kd5 Kh4 64. Ke6 f4 65. Kd7 f3 66. Kxc7 f2 67. Kb8 f1=Q 68. c7 Qb5+ 69. Kc8 Qe8+ 70. Kb7 Qb5+ 71. Ka7 Qc6 72. Kb8 Qb6+ 73. Kc8 Kg5 74. Kd7 Qb5+ 75. Ke7 Qc5+ 76. Kd7 Qd5+ 77. Ke7 Qc6 78. Kd8 Qd6+ 79. Kc8 Kf6 80. h4 Ke7 81. h5 Qa6+ 82. Kb8 Qb6+ 83. Ka8 Kd7 84. c8=Q+ Kxc8 0-1


[Site "https://www.chess.com"]